 Dungeon Crawl Stone Soup version 0.27-a0-1278-g6cbc8dfb29 (webtiles) character file.

Game seed: 11254881720817067208

195 pokeman the Magician (level 5, -6/29 HPs)
             Began as a Deep Elf Hedge Wizard on June 12, 2021.
             Mangled by Crazy Yiuf (17 damage)
             ... on level 3 of the Dungeon.
             The game lasted 00:04:54 (4002 turns).

pokeman the Magician (Deep Elf Hedge Wizard)        Turns: 4002, Time: 00:04:55

Health: -6/29      AC:  3    Str:  7    XL:     5   Next: 45%
Magic:  11/15      EV: 13    Int: 20    God:
Gold:   154        SH:  0    Dex: 14    Spells: 5/16 levels left

rFire    . . .     SeeInvis .   j - +0 dagger (venom)
rCold    . . .     Faith    .   (no shield)
rNeg     . . .     Spirit   .   b - +0 robe
rPois    .         Reflect  .   c - +0 hat
rElec    .         Harm     .   (no cloak)
rCorr    .         Rampage  .   i - +0 pair of gloves
Will     .....                  (no boots)
Stlth    ++........             (no amulet)
HPRegen  0.09/turn              (no ring)
MPRegen  0.14/turn              (no ring)

@: no status effects
A: no striking features
a: no special abilities


You were on level 3 of the Dungeon.
You visited 1 branch of the dungeon, and saw 3 of its levels.

You collected 154 gold pieces.

Inventory:

Hand Weapons
 j - a +0 dagger of venom (weapon)
Armour
 b - a +0 robe (worn)
 c - a +0 hat (worn)
 i - a +0 pair of gloves (worn)
Wands
 o - a wand of acid (12)
Scrolls
 d - 6 scrolls of identify {unknown}
 e - a scroll of enchant armour {unknown}
 h - 3 scrolls of teleportation {unknown}
 k - a scroll of blinking {unknown}
 m - a scroll of enchant weapon {unknown}
 n - a scroll of fear {unknown}
Potions
 a - a potion of curing {unknown}
 f - 2 potions of flight {unknown}
 g - 2 potions of mutation {unknown}
 l - a potion of cancellation {unknown}


   Skills:
 - Level 1.0 Fighting
 - Level 1.0 Armour
 - Level 3.0 Dodging
 + Level 2.6 Stealth
 * Level 6.4 Spellcasting
 + Level 2.6 Conjurations
 - Level 1.1 Summonings
 - Level 1.1 Translocations
 - Level 1.0 Fire Magic
 + Level 0.7 Air Magic


You had 5 spell levels left.
You knew the following spells:

 Your Spells              Type           Power      Damage    Failure   Level
a - Magic Dart            Conj           68%        1d6       3%          1
b - Mephitic Cloud        Conj/Pois/Air  11%        N/A       19%         3
c - Call Imp              Summ           10%        N/A       10%         2
d - Blink                 Tloc           N/A        N/A       10%         2
e - Conjure Flame         Conj/Fire      13%        6-21      14%         3

Your spell library contained the following spells:

 Spells                   Type           Power      Damage    Failure   Level
 Beastly Appendage        Tmut           12%        N/A       10%         1
 Slow                     Hex            6%         N/A       16%         2
 Wereblood                Tmut           6%         N/A       16%         2
 Spider Form              Tmut/Pois      3%         N/A       30%         3
 Ice Form                 Ice/Tmut       6%         N/A       69%         4


Dungeon Overview and Level Annotations

Branches:
Dungeon (3/15)

Altars:
Lugonu

Portals:
Abyss: D:3

Annotations:
D:3 5 runed translucent doors, Crazy Yiuf; Dvallin's ghost, amateur KoFi


Message History

You are more confused.
Crazy Yiuf is engulfed in noxious fumes.
Crazy Yiuf appears confused.
Unknown command.
You bump into the stone wall.
You are engulfed in noxious fumes.
Crazy Yiuf is engulfed in noxious fumes.
Unknown command.
You feel less confused.
Crazy Yiuf says, "Oh, this is rather nice."
You catch the helpless Crazy Yiuf completely off-guard!
You hit Crazy Yiuf.
Crazy Yiuf is poisoned.
Crazy Yiuf is moderately wounded.
Crazy Yiuf misses you.
Casting: Mephitic Cloud (quite dangerous; 19% risk of failure)
Confirm with . or Enter, or press ? or * to list all spells.
Aiming: Magic Dart (safe; 3% risk of failure)
Press: ? - help, Shift-Dir - straight line, f/p - Crazy Yiuf
Aim: Crazy Yiuf, wielding a +4 quarterstaff of chaos and wearing a +1 cloak (heavily wounded, confused, very poisoned, 100% to hit)
The magic dart hits Crazy Yiuf.
Crazy Yiuf is heavily wounded.
Casting: Magic Dart (safe; 3% risk of failure)
Confirm with . or Enter, or press ? or * to list all spells.
Aiming: Magic Dart (safe; 3% risk of failure)
Press: ? - help, Shift-Dir - straight line, f/p - Crazy Yiuf
Aim: Crazy Yiuf, wielding a +4 quarterstaff of chaos and wearing a +1 cloak (heavily wounded, confused, poisoned, 100% to hit)
The magic dart hits Crazy Yiuf.
Crazy Yiuf is severely wounded.
Casting: Magic Dart (safe; 3% risk of failure)
Confirm with . or Enter, or press ? or * to list all spells.
Aiming: Magic Dart (safe; 3% risk of failure)
Press: ? - help, Shift-Dir - straight line, f/p - Crazy Yiuf
Aim: Crazy Yiuf, wielding a +4 quarterstaff of chaos and wearing a +1 cloak (severely wounded, confused, poisoned, 100% to hit)
The magic dart hits Crazy Yiuf but does no damage.
Crazy Yiuf is severely wounded.
You hit Crazy Yiuf but do no damage.
Crazy Yiuf looks even sicker.
Crazy Yiuf is almost dead.
Crazy Yiuf hits you with a +4 quarterstaff of chaos.
You are electrocuted!
Ouch! That really hurt!
You die...

.##...#.)# #.######.# ##.##.##.
.#.......# #.# #.###......#.
.........#####.#### #.##.......#.
.##..##...........###.##.......#<
.........#####.#...##.##.....#.#.
####.##### ##....######...##.#.
##'## #+..+# #......#. ##...##
♣....♣ ##....... ##.....## ♣.@.♣♣
#.###### #.......## ♣♣g♣♣ #.#.##
.........#### ♣.♣♣ ####....###
.........'..# ♣♣.♣ #..........
.........#### ♣.♣♣ ####....###
#.......## ♣♣.♣ #.#.## ##.....##
#'# #.### ##...## ... #.# ##'##
#...# #.##


You could see Crazy Yiuf (confused, very poisoned).

Vanquished Creatures
  Jessica (D:2)
  Natasha (thrice) (D:3)
  2 adders (D:2)
  4 dart slugs
  5 orcs (D:3)
  11 ball pythons
  3 endoplasms (D:1)
  2 giant cockroaches (D:2)
  3 goblins
  3 hobgoblins
  7 jackals
  4 kobolds
  3 quokkas
  3 bats
  2 frilled lizards
  11 rats
67 creatures vanquished.

Notes
Turn   | Place    | Note
-------+----------+-------------------------------------------
     0 | D:1      | pokeman the Deep Elf Hedge Wizard began the quest for the
                  | Orb.
     0 | D:1      | Reached XP level 1. HP: 10/10 MP: 7/7
   263 | D:1      | Reached XP level 2. HP: 13/15 MP: 3/9
   735 | D:1      | Found a faded altar of an unknown god.
   965 | D:1      | Reached skill level 5 in Spellcasting
  1592 | D:2      | Reached XP level 3. HP: 20/20 MP: 6/11
  1729 | D:1      | Learned a level 3 spell: Mephitic Cloud
  1732 | D:1      | Learned a level 2 spell: Call Imp
  1735 | D:1      | Learned a level 2 spell: Blink
  1739 | D:1      | Learned a level 3 spell: Conjure Flame
  1832 | D:2      | Noticed Jessica
  1837 | D:2      | Killed Jessica
  1838 | D:2      | Reached skill level 1 in Fighting
  1838 | D:2      | Reached skill level 1 in Armour
  2179 | D:2      | Reached XP level 4. HP: 25/25 MP: 6/13
  2846 | D:3      | Noticed Natasha
  2854 | D:3      | Killed Natasha
  2855 | D:3      | Reached skill level 1 in Fire Magic
  3031 | D:3      | Reached skill level 6 in Spellcasting
  3163 | D:3      | Noticed Natasha
  3172 | D:3      | Killed Natasha
  3173 | D:3      | Reached XP level 5. HP: 29/29 MP: 10/15
  3327 | D:3      | Found a runed translucent gate.
  3328 | D:3      | Found a runed translucent gate.
  3328 | D:3      | Found a runed translucent gate.
  3329 | D:3      | Noticed Dvallin's ghost (amateur KoFi)
  3348 | D:3      | Found a large runed translucent door.
  3349 | D:3      | Found a large runed translucent door.
  3355 | D:3      | Found a corrupted altar of Lugonu.
  3357 | D:3      | Noticed Natasha
  3362 | D:3      | Killed Natasha
  3646 | D:3      | Found a one-way gate to the infinite horrors of the Abyss.
  3940 | D:3      | Found a runed translucent door.
  3941 | D:3      | Noticed Crazy Yiuf
  4002 | D:3      | Mangled by Crazy Yiuf

Illustrated notes

Levels and vault maps discovered:
D:1:      dpeg_arrival_rooms_c, layout_basic, chequers_ecumenical_altar_island,
          minivault_27
D:2:      layout_basic, serial_rivers, chequers_serial_rivers_micro_c,
          chequers_serial_rivers_room_b, chequers_serial_rivers_micro_e,
          chequers_serial_rivers_marsh, chequers_serial_rivers_room_a,
          corexii_leaking_fountain, uniq_jessica
D:3:      due_chaos_kobolds, layout_loops_corners, ebering_ghost_rock_garden,
          serial_bayou_pond_a, uniq_natasha, uniq_crazy_yiuf_cottage

Skill      XL: |  1  2  3  4 |
---------------+-------------+-----
Spellcasting   | 5 6 |  6.4
Fighting       | 1 |  1.0
Armour         | 1 |  1.0
Conjurations   | 2 |  2.6
Fire Magic     | 1 |  1.0
Dodging        | 3 |  3.0
Stealth        | |  2.6
Summonings     | |  1.1
Translocations | |  1.1
Air Magic      | |  0.7

Action                   |  1- 3 |  4- 6 || total
-------------------------+-------+-------++-------
Melee: Dagger            |     4 |    23 ||    27
 Cast: Magic Dart        |    86 |    71 ||   157
       Mephitic Cloud    |       |     2 ||     2
 Stab: Sleeping          |       |     2 ||     2
       Confused          |       |     2 ||     2
Armor: Robe              |     5 |     3 ||     8
Dodge: Dodged            |    12 |    12 ||    24

Table legend: (Time is in decaauts)
 A = Elapsed time spent in this place.
 B = Non-inter-level travel time spent in this place.
 C = Inter-level travel time spent in this place.
 D = Time resting spent in this place.
 E = Time spent auto-exploring this place.
 F = Levels seen in this place.
 G = Mean time per level.
                   A        B        C        D        E       F      G
               +--------+--------+--------+--------+--------+-----+--------+
         Total |   4008 |   3790 |    218 |     51 |   3408 |   3 | 1336.0 |
       Dungeon |   4008 |   3790 |    218 |     51 |   3408 |   3 | 1336.0 |
               +--------+--------+--------+--------+--------+-----+--------+

Top non-repeatable levels by time:
     D:1: 1648 daAuts
     D:3: 1301 daAuts
     D:2: 1057 daAuts
